TOP OF THE 1ST |
Spokane Indians batting - Pitching for Hudson Valley Renegades : RHP Jeremy Price
|
Pitching: RHP Jeremy Price
|
|
Batting: LHB Jose Baez
|
0-0: Ball 1-0: Called Strike 1-1: Called Strike 1-2: Foul Ball, location: 2F 1-2: Foul Ball, location: 2F 1-2: Ball 2-2: Foul Ball, location: 2F 2-2: Ball 3-2: SINGLE (Groundball, 34D, EV 95.6 MPH)
|
Batting: LHB Ben Radach
|
0-0: Foul Ball, location: 2F 0-1: Ball 1-1: Foul Ball, location: 2F 1-2: Ball 2-2: SINGLE (Groundball, 4MD, EV 98.1 MPH) Jose Baez to second Runner from 2nd tries for 3rd, SAFE, throw by CF made to third
|
Batting: LHB Gabriel Graves
|
0-0: Ball 1-0: Ball 2-0: Swinging Strike 2-1: Ball 3-1: Base on Balls Ben Radach to second
|
Batting: RHB Dale Aubrey
|
0-0: Fly out, F8 (Flyball, 8LS, EV 86.9 MPH)
|
Batting: SHB David Simpson
|
0-0: Foul Ball, location: 2F 0-1: Swinging Strike 0-2: Ball 1-2: GRAND SLAM HOME RUN (Flyball, 9D, EV 105.6 MPH), Distance : 375 ft
|
Batting: LHB Yat-sen Zhu
|
0-0: SINGLE (Groundball, P, EV 86.9 MPH) (infield hit)
|
Batting: RHB Gavin Fimple
|
0-0: Swinging Strike 0-1: Ball 1-1: Ball 2-1: Fly out, F9 (Flyball, 9LS, EV 85.6 MPH)
|
Batting: LHB Justin Covington
|
0-0: Called Strike 0-1: Ball 1-1: Called Strike 1-2: Ball 2-2: SINGLE (Line Drive, 34D, EV 107.5 MPH) Yat-sen Zhu to second
|
Batting: RHB Jose Guerrero
|
0-0: Called Strike 0-1: Foul Ball, location: 2F 0-2: Ball 1-2: Foul Ball, location: 2F 1-2: TRIPLE (Flyball, 78XD, EV 97.5 MPH) Yat-sen Zhu scores Justin Covington scores
|
Pitching: RHP Juan Estrella
|
|
Batting: LHB Jose Baez
|
0-0: Called Strike 0-1: SINGLE (Line Drive, 8LS, EV 96.2 MPH) Jose Guerrero scores
|
Batting: LHB Ben Radach
|
0-0: Called Strike Jose Baez steals 2nd base 0-1: Ground out 4-3 (Groundball, 4, EV 87.5 MPH)
|
Top of the 1st over - 7 runs, 7 hits, 0 errors, 1 left on base; Spokane 7 - Hudson Valley 0 |
BOTTOM OF THE 1ST |
Hudson Valley Renegades batting - Pitching for Spokane Indians : RHP Shan-tang Chi
|
Pitching: RHP Shan-tang Chi
|
|
Batting: RHB Jesus Baires
|
0-0: Foul Ball, location: 2F 0-1: Ground out 5-3 (Groundball, 56, EV 79.4 MPH)
|
Batting: LHB Alex Genao
|
0-0: Ground out 5-3 (Groundball, 5L, EV 85.0 MPH)
|
Batting: RHB Adam Kaeser
|
0-0: Foul Ball, location: 2F 0-1: Called Strike 0-2: Strikes out swinging
|
Bottom of the 1st over - 0 runs, 0 hits, 0 errors, 0 left on base; Spokane 7 - Hudson Valley 0 |
TOP OF THE 2ND |
Spokane Indians batting - Pitching for Hudson Valley Renegades : RHP Juan Estrella
|
Batting: LHB Gabriel Graves
|
0-0: Fly out, F1 (Line Drive, P, EV 71.2 MPH)
|
Batting: RHB Dale Aubrey
|
0-0: Ball 1-0: Ground out 5-3 (Groundball, 56, EV 87.5 MPH)
|
Batting: SHB David Simpson
|
0-0: Foul Ball, location: 2F 0-1: Swinging Strike 0-2: Ground out 4-3 (Groundball, 4, EV 93.8 MPH)
|
Top of the 2nd over - 0 runs, 0 hits, 0 errors, 0 left on base; Spokane 7 - Hudson Valley 0 |
BOTTOM OF THE 2ND |
Hudson Valley Renegades batting - Pitching for Spokane Indians : RHP Shan-tang Chi
|
Batting: RHB Chris Thorson
|
0-0: Called Strike 0-1: Called Strike 0-2: Strikes out looking
|
Batting: RHB Eddie Zamora
|
0-0: Ball 1-0: Called Strike 1-1: Ball 2-1: Foul Ball, location: 2F 2-2: Ball 3-2: TRIPLE (Line Drive, 7D, EV 104.4 MPH)
|
Batting: LHB Josh Redfern
|
0-0: Foul Ball, location: 2F 0-1: Swinging Strike 0-2: DOUBLE (Groundball, 5L, EV 100.6 MPH) Eddie Zamora scores
|
Batting: RHB Eric Waugaman
|
0-0: Ball Wild Pitch! Josh Redfern to third 1-0: Called Strike 1-1: Foul Ball, location: 2F 1-2: Ball 2-2: Strikes out swinging
|
Batting: RHB Jim Erdody
|
0-0: Foul Ball, location: 2F 0-1: Ground out 5-3 (Groundball, 5S, EV 84.4 MPH)
|
Bottom of the 2nd over - 1 run, 2 hits, 0 errors, 1 left on base; Spokane 7 - Hudson Valley 1 |
TOP OF THE 3RD |
Spokane Indians batting - Pitching for Hudson Valley Renegades : RHP Juan Estrella
|
Batting: LHB Yat-sen Zhu
|
0-0: Foul Ball, location: 2F 0-1: Ball 1-1: Swinging Strike 1-2: Strikes out swinging
|
Batting: RHB Gavin Fimple
|
0-0: Called Strike 0-1: Ball 1-1: Ball 2-1: SINGLE (Line Drive, 89S, EV 85.6 MPH)
|
Batting: LHB Justin Covington
|
Balk! Gavin Fimple to second 0-0: Fly out, F4 (Line Drive, 4, EV 74.4 MPH) Lined into DP, 4-6 (Line Drive, 4, EV 70.6 MPH)
|
Top of the 3rd over - 0 runs, 1 hit, 0 errors, 0 left on base; Spokane 7 - Hudson Valley 1 |
BOTTOM OF THE 3RD |
Hudson Valley Renegades batting - Pitching for Spokane Indians : RHP Shan-tang Chi
|
Batting: RHB Kunizo Yanagisawa
|
0-0: Called Strike 0-1: Ground out 6-3 (Groundball, 6M, EV 95.0 MPH)
|
Batting: RHB Jesus Baires
|
0-0: Ground out 2-3 (Groundball, 2L, EV 65.0 MPH)
|
Batting: LHB Alex Genao
|
0-0: Ground out 6-3 (Groundball, 6, EV 99.4 MPH)
|
Bottom of the 3rd over - 0 runs, 0 hits, 0 errors, 0 left on base; Spokane 7 - Hudson Valley 1 |
TOP OF THE 4TH |
Spokane Indians batting - Pitching for Hudson Valley Renegades : RHP Juan Estrella
|
Batting: RHB Jose Guerrero
|
0-0: Called Strike 0-1: Foul Ball, location: 2F 0-2: DOUBLE (Line Drive, 78D, EV 108.1 MPH)
|
Batting: LHB Jose Baez
|
0-0: Ball 1-0: Ground out 4-3 (Groundball, 4, EV 81.9 MPH) Jose Guerrero to third
|
Batting: LHB Ben Radach
|
0-0: Ball 1-0: Ball 2-0: Ball 3-0: Base on Balls
|
Batting: LHB Gabriel Graves
|
0-0: Called Strike 0-1: Ball 1-1: Ball 2-1: Foul Ball, location: 2F 2-2: 3-RUN HOME RUN (Flyball, 78XD, EV 109.4 MPH), Distance : 427 ft
|
Batting: RHB Dale Aubrey
|
0-0: Ball 1-0: DOUBLE (Line Drive, 78XD, EV 104.4 MPH)
|
Batting: SHB David Simpson
|
0-0: 2-RUN HOME RUN (Flyball, 9D, EV 98.8 MPH), Distance : 379 ft
|
Batting: LHB Yat-sen Zhu
|
0-0: Ball 1-0: Ball 2-0: Foul Ball, location: 2F 2-1: Ball 3-1: Foul Ball, location: 2F 3-2: Strikes out swinging
|
Batting: RHB Gavin Fimple
|
0-0: Fly out, F4 (Popup, 34D, EV 57.5 MPH)
|
Top of the 4th over - 5 runs, 4 hits, 0 errors, 0 left on base; Spokane 12 - Hudson Valley 1 |
BOTTOM OF THE 4TH |
Hudson Valley Renegades batting - Pitching for Spokane Indians : RHP Shan-tang Chi
|
Batting: RHB Adam Kaeser
|
0-0: Called Strike 0-1: Foul Ball, location: 2F 0-2: Ball 1-2: Fly out, F5 (Popup, 5F, EV 82.5 MPH)
|
Batting: RHB Chris Thorson
|
0-0: Foul Ball, location: 2F 0-1: Fly out, F9 (Flyball, 9LS, EV 80.0 MPH)
|
Batting: RHB Eddie Zamora
|
0-0: Ball 1-0: Fly out, F6 (Flyball, 56D, EV 95.6 MPH)
|
Bottom of the 4th over - 0 runs, 0 hits, 0 errors, 0 left on base; Spokane 12 - Hudson Valley 1 |
TOP OF THE 5TH |
Spokane Indians batting - Pitching for Hudson Valley Renegades : RHP Juan Estrella
|
Batting: LHB Justin Covington
|
0-0: Ball 1-0: Ball 2-0: Ball 3-0: Called Strike 3-1: Base on Balls
|
Pitching: RHP Pablo Maravilla
|
|
Batting: RHB Jose Guerrero
|
0-0: Called Strike 0-1: Foul Ball, location: 2F 0-2: Fly out, F9 (Flyball, 89D, EV 85.0 MPH)
|
Batting: LHB Jose Baez
|
0-0: Ball 1-0: Called Strike 1-1: Foul Ball, location: 2F 1-2: Ball 2-2: Ball 3-2: Foul Ball, location: 2F 3-2: Foul Ball, location: 2F 3-2: Base on Balls Justin Covington to second
|
Batting: LHB Ben Radach
|
0-0: Called Strike 0-1: Foul Ball, location: 2F 0-2: Ball 1-2: 3-RUN HOME RUN (Flyball, 9D, EV 99.4 MPH), Distance : 373 ft
|
Batting: LHB Gabriel Graves
|
0-0: Ball 1-0: Ball 2-0: Foul Ball, location: 2F 2-1: Called Strike 2-2: Foul Ball, location: 2F 2-2: Ball 3-2: Foul Ball, location: 2F 3-2: Foul Ball, location: 2F 3-2: Foul Ball, location: 2F 3-2: Foul Ball, location: 2F 3-2: Base on Balls
|
Batting: RHB Dale Aubrey
|
0-0: Called Strike 0-1: Ball 1-1: Foul Ball, location: 2F 1-2: Foul Ball, location: 2F 1-2: Strikes out swinging
|
Batting: SHB David Simpson
|
0-0: Ball 1-0: Called Strike 1-1: Ball 2-1: Foul Ball, location: 2F 2-2: DOUBLE (Flyball, 89D, EV 89.4 MPH) Gabriel Graves to third Runner from 3rd tries for Home, SAFE, throw by RF to home
|
Pitching: RHP Carlos Najera
|
|
Batting: LHB Yat-sen Zhu
|
0-0: Fly out, F8 (Flyball, 8RD, EV 93.1 MPH)
|
Top of the 5th over - 4 runs, 2 hits, 0 errors, 1 left on base; Spokane 16 - Hudson Valley 1 |
BOTTOM OF THE 5TH |
Hudson Valley Renegades batting - Pitching for Spokane Indians : RHP Shan-tang Chi
|
Batting: LHB Josh Redfern
|
0-0: Swinging Strike 0-1: Ball 1-1: DOUBLE (Flyball, 8RXD, EV 104.4 MPH)
|
Batting: RHB Eric Waugaman
|
0-0: Ball 1-0: Foul Ball, location: 2F 1-1: Called Strike 1-2: Ground out 3-1 (Groundball, 34S, EV 83.8 MPH) Josh Redfern to third
|
Batting: RHB Jim Erdody
|
0-0: Ball 1-0: Called Strike 1-1: Swinging Strike 1-2: Strikes out swinging
|
Batting: RHB Kunizo Yanagisawa
|
0-0: Called Strike 0-1: Ground out 5-3 (Groundball, 56, EV 90.0 MPH)
|
Bottom of the 5th over - 0 runs, 1 hit, 0 errors, 1 left on base; Spokane 16 - Hudson Valley 1 |
TOP OF THE 6TH |
Spokane Indians batting - Pitching for Hudson Valley Renegades : RHP Carlos Najera
|
Batting: RHB Gavin Fimple
|
0-0: Ball 1-0: SINGLE (Line Drive, 4MD, EV 96.9 MPH)
|
Batting: LHB Justin Covington
|
0-0: Called Strike 0-1: Ball 1-1: Foul Ball, location: 2F 1-2: Ball 2-2: Grounds into double play, 4-6-3 (Groundball, 4, EV 106.2 MPH)
|
Batting: RHB Jose Guerrero
|
0-0: Called Strike 0-1: Foul Ball, location: 2F 0-2: Hit by Pitch
|
Batting: LHB Jose Baez
|
0-0: Called Strike 0-1: Foul Ball, location: 2F 0-2: SINGLE (Line Drive, 78S, EV 106.2 MPH) Jose Guerrero to second
|
Batting: LHB Ben Radach
|
0-0: Called Strike 0-1: Ball 1-1: Ball 2-1: Fielders Choice at 2nd, U6 (Groundball, 6M, EV 93.8 MPH)
|
Top of the 6th over - 0 runs, 2 hits, 0 errors, 2 left on base; Spokane 16 - Hudson Valley 1 |
BOTTOM OF THE 6TH |
Hudson Valley Renegades batting - Pitching for Spokane Indians : RHP Shan-tang Chi
|
Batting: RHB Jesus Baires
|
0-0: Called Strike 0-1: Foul Ball, location: 2F 0-2: Foul Ball, location: 2F 0-2: Strikes out swinging
|
Batting: LHB Alex Genao
|
0-0: Foul Ball, location: 2F 0-1: Fly out, F8 (Flyball, 8RXD, EV 100.6 MPH)
|
Batting: RHB Adam Kaeser
|
0-0: Called Strike 0-1: Foul Ball, location: 2F 0-2: Ball 1-2: Strikes out swinging
|
Bottom of the 6th over - 0 runs, 0 hits, 0 errors, 0 left on base; Spokane 16 - Hudson Valley 1 |
TOP OF THE 7TH |
Spokane Indians batting - Pitching for Hudson Valley Renegades : RHP Carlos Najera
|
Pinch Hitting: LHB Takeo Nishiguchi
|
0-0: Called Strike 0-1: TRIPLE (Flyball, 78XD, EV 91.9 MPH)
|
Batting: RHB Dale Aubrey
|
0-0: Ball 1-0: Ball 2-0: Called Strike 2-1: DOUBLE (Line Drive, 9LM, EV 87.5 MPH) Takeo Nishiguchi scores
|
Pinch Hitting: RHB Tim Seggerman
|
0-0: Fly out, F8 (Flyball, 78D, EV 83.1 MPH)
|
Pinch Hitting: SHB Harrison McLaughlin
|
0-0: Called Strike 0-1: Ground out 4-3 (Groundball, 4, EV 88.8 MPH) Dale Aubrey to third
|
Pinch Hitting: LHB Rich Atterberry
|
0-0: Called Strike 0-1: Called Strike 0-2: Foul Ball, location: 2F 0-2: Ball 1-2: Foul Ball, location: 2F 1-2: Ball 2-2: Ground out 1-3 (Groundball, 13S, EV 70.0 MPH)
|
Top of the 7th over - 1 run, 2 hits, 0 errors, 1 left on base; Spokane 17 - Hudson Valley 1 |
BOTTOM OF THE 7TH |
Hudson Valley Renegades batting - Pitching for Spokane Indians : RHP Shan-tang Chi
|
Now at C: Rich Atterberry
|
|
Now at 1B: Tony Mendez
|
|
Now at 2B: Knud Prins
|
|
Now at 3B: Takeo Nishiguchi
|
|
Batting: RHB Chris Thorson
|
0-0: Ball 1-0: Foul Ball, location: 2F 1-1: Ball 2-1: Reached on error, E6 (Groundball, 56, EV 91.2 MPH)
|
Batting: RHB Eddie Zamora
|
0-0: Ball 1-0: Called Strike Chris Thorson steals 2nd base 1-1: Ball 2-1: Swinging Strike 2-2: Fly out, F6 (Line Drive, 6, EV 74.4 MPH)
|
Batting: LHB Josh Redfern
|
0-0: Ball Chris Thorson steals 3rd base 1-0: Ball 2-0: Called Strike 2-1: SINGLE (Line Drive, 7S, EV 105.6 MPH) Chris Thorson scores
|
Batting: RHB Eric Waugaman
|
0-0: Foul Ball, location: 2F 0-1: Foul Ball, location: 2F 0-2: Ball 1-2: Grounds into double play, 6-4-3 (Groundball, 6, EV 86.9 MPH)
|
Bottom of the 7th over - 1 run, 1 hit, 1 error, 0 left on base; Spokane 17 - Hudson Valley 2 |
TOP OF THE 8TH |
Spokane Indians batting - Pitching for Hudson Valley Renegades : RHP Carlos Najera
|
Pinch Hitting: RHB Matt Strong
|
0-0: Ball 1-0: Ball 2-0: Called Strike 2-1: Ground out 4-3 (Groundball, 4, EV 106.2 MPH)
|
Batting: RHB Jose Guerrero
|
0-0: SINGLE (Groundball, 4M, EV 103.8 MPH) (infield hit)
|
Batting: LHB Jose Baez
|
0-0: Called Strike 0-1: Ball 1-1: Ball 2-1: Ball 3-1: Base on Balls Jose Guerrero to second
|
Batting: LHB Ben Radach
|
0-0: Ball 1-0: Ball 2-0: Ball 3-0: Base on Balls Jose Guerrero to third Jose Baez to second
|
Batting: LHB Takeo Nishiguchi
|
0-0: Ball 1-0: Swinging Strike 1-1: Fly out, F3 (Line Drive, 3, EV 66.2 MPH) Lined into DP, U3 (Line Drive, 3, EV 68.1 MPH)
|
Top of the 8th over - 0 runs, 1 hit, 0 errors, 2 left on base; Spokane 17 - Hudson Valley 2 |
BOTTOM OF THE 8TH |
Hudson Valley Renegades batting - Pitching for Spokane Indians : RHP Shan-tang Chi
|
Now in LF: Matt Strong
|
|
Batting: RHB Jim Erdody
|
0-0: Ball 1-0: Called Strike 1-1: Ball 2-1: Foul Ball, location: 2F 2-2: Strikes out swinging
|
Batting: RHB Kunizo Yanagisawa
|
0-0: Reached on error, E3 (Groundball, 34S, EV 82.5 MPH)
|
Pinch Hitting: SHB Suljo Dokic
|
0-0: Swinging Strike 0-1: Hit by Pitch Kunizo Yanagisawa to second
|
Batting: LHB Alex Genao
|
0-0: Foul Ball, location: 2F 0-1: Ball 1-1: Fielders Choice at 2nd, 3-6 (Groundball, 34, EV 109.4 MPH) Kunizo Yanagisawa to third
|
Batting: RHB Adam Kaeser
|
0-0: Called Strike 0-1: Ball 1-1: Fly out, F8 (Flyball, 8LM, EV 90.0 MPH)
|
Bottom of the 8th over - 0 runs, 0 hits, 1 error, 2 left on base; Spokane 17 - Hudson Valley 2 |
TOP OF THE 9TH |
Spokane Indians batting - Pitching for Hudson Valley Renegades : RHP Carlos Najera
|
Now in CF: Chris Lockart
|
|
Batting: RHB Dale Aubrey
|
0-0: Ground out U3 (Groundball, 3, EV 85.0 MPH)
|
Pinch Hitting: LHB Antonio Domingues
|
0-0: Called Strike 0-1: Ball 1-1: Foul Ball, location: 2F 1-2: Ground out 4-3 (Groundball, 4, EV 85.6 MPH)
|
Batting: RHB Knud Prins
|
0-0: Ball 1-0: SINGLE (Line Drive, 8LS, EV 100.0 MPH)
|
Pinch Hitting: LHB Ernesto Velasquez
|
0-0: Called Strike 0-1: Fielders Choice at 2nd, 5-4 (Groundball, 5, EV 93.8 MPH)
|
Top of the 9th over - 0 runs, 1 hit, 0 errors, 1 left on base; Spokane 17 - Hudson Valley 2 |
BOTTOM OF THE 9TH |
Hudson Valley Renegades batting - Pitching for Spokane Indians : RHP Shan-tang Chi
|
Now at C: Ernesto Velasquez
|
|
Now at 1B: Antonio Domingues
|
|
Batting: RHB Chris Thorson
|
0-0: Called Strike 0-1: Swinging Strike 0-2: Ball 1-2: SINGLE (Line Drive, 34D, EV 97.5 MPH)
|
Batting: RHB Eddie Zamora
|
0-0: Fly out, F4 (Flyball, 4D, EV 88.1 MPH)
|
Batting: LHB Josh Redfern
|
0-0: Foul Ball, location: 2F 0-1: Ball 1-1: Called Strike 1-2: Ball 2-2: Ball 3-2: Base on Balls Chris Thorson to second
|
Pitching: RHP Devon Bickle
|
|
Batting: RHB Eric Waugaman
|
0-0: Foul Ball, location: 2F 0-1: Ball 1-1: Swinging Strike 1-2: Fly out, F6 (Flyball, 56D, EV 88.1 MPH)
|
Batting: RHB Jim Erdody
|
0-0: Called Strike 0-1: Foul Ball, location: 2F 0-2: Foul Ball, location: 2F 0-2: Ball 1-2: Strikes out swinging
|
Bottom of the 9th over - 0 runs, 1 hit, 0 errors, 2 left on base; Spokane 17 - Hudson Valley 2 |
|